 Dungeon Crawl Stone Soup version 0.28.0-45-g0d030f2227 (webtiles) character file.

Game seed: 15582352171910044914

827 terff the Chopper (level 7, 0/55 HPs)
             Began as a Demonspawn Monk on Apr 9, 2022.
             Was a Priest of Okawaru.
             Succumbed to a killer bee's poison
             ... on level 5 of the Dungeon.
             The game lasted 00:07:52 (5002 turns).

terff the Chopper (Demonspawn Monk)                 Turns: 5002, Time: 00:07:52

Health: 0/55       AC:  5    Str: 11    XL:     7   Next: 64%
Magic:  6/7        EV: 13    Int: 12    God:    Okawaru [***...]
Gold:   88         SH:  0    Dex: 17    Spells: 6/6 levels left

rFire   . . .      SeeInvis .   m - +6 quarterstaff of Green Gallantry {vorpal, Will+}
rCold   + . .      Faith    .   (shield currently unavailable)
rNeg    . . .      Spirit   .   h - +0 leather armour
rPois   .          Reflect  .   k - +1 helmet
rElec   .          Harm     .   (no cloak)
rCorr   .          Rampage  .   (no gloves)
Will    +....                   (no boots)
Stlth   ++........              (no amulet)
HPRegen 0.18/turn               o - ring of protection from fire
MPRegen 0.10/turn               q - ring of ice

@: lethally poisoned (0 -> -4)
A: claws 1, spiny 1
a: Renounce Religion, Heroism


You were on level 5 of the Dungeon.
You worshipped Okawaru.
Okawaru was most pleased with you.
You visited 1 branch of the dungeon, and saw 5 of its levels.

You collected 116 gold pieces.
You spent 28 gold pieces at shops.

Inventory:

Hand Weapons
 a - a +1 hand axe of protection
 m - the +6 quarterstaff of Green Gallantry (weapon) {vorpal, Will+}
   (You found it on level 3 of the Dungeon)

   It inflicts extra damage upon your enemies.
   Will:      It increases your willpower.
Armour
 h - a +0 leather armour (worn)
 k - a +1 helmet (worn)
 l - a +0 buckler
Jewellery
 o - a ring of protection from fire (left claw)
 q - a ring of ice (right claw)
Scrolls
 i - 2 scrolls of immolation
 j - a scroll of amnesia
 p - a scroll of identify
 r - a scroll of fog {unknown}
 s - a scroll of fear {unknown}
Potions
 b - a potion of lignification {unknown}
 c - 3 potions of flight
 d - 2 potions of brilliance {unknown}
 e - a potion of degeneration {unknown}
 f - a potion of magic {unknown}
 g - 2 potions of berserk rage
 n - a potion of mutation {unknown}


   Skills:
 + Level 4.5 Fighting
 + Level 4.7 Axes
 + Level 2.1 Staves
 + Level 3.1 Armour
 + Level 3.9 Dodging
 + Level 3.7 Stealth


You had 6 spell levels left.
You didn't know any spells.
Your spell library was empty.

Dungeon Overview and Level Annotations

Branches:
Dungeon (5/15)
 Temple: D:4-7

Altars:
Okawaru
Uskayaw
Vehumet
Wu Jian
Xom

Shops:
D:1 ?   D:3 ?

Annotations:
D:3 exclusion: statue


Innate Abilities, Weirdness & Mutations

You have sharp fingernails.
You are partially covered in sharp spines.


Message History

The gnoll completely misses you.
The killer bee buzzes angrily. x2
You sock the gnoll!
You kill the gnoll!
Okawaru accepts your kill.
You hear a splash.
The killer bee stings the plant!
The plant begins to die.
The killer bee stings the plant.
The plant begins to die.
The killer bee stings the plant!
You feel sick.
The killer bee buzzes angrily.
The killer bee stings the plant!
The killer bee is struck by your spines.
The killer bee misses you.
You feel like a meek peon again.
You feel sick.
The killer bee is struck by your spines.
The killer bee stings you!
* * * LOW HITPOINT WARNING * * *
You are more poisoned.
The killer bee poisons you!
You hit the killer bee.
The killer bee is almost dead.
You feel sick.
A nearby plant withers and dies. x2; The killer bee stings you!
* * * LOW HITPOINT WARNING * * *
The killer bee is struck by your spines.
You kill the killer bee!
Okawaru accepts your kill.
Your Staves skill increases to level 2!
You miss the killer bee.
* * * LOW HITPOINT WARNING * * *
You feel sick.
The killer bee is struck by your spines.
The killer bee closely misses you.
The killer bee is struck by your spines.
The killer bee barely misses you.
You sock the killer bee!
You kill the killer bee!
Okawaru accepts your kill.
You die...

#### ##.##..#.# ###......
#.......## ##......
#........######.......
#...<.................
..#####.......##....##......
♣.....##.#.....#.##.........
♣≈♣....#####...###..###.#.
≈♣♣♣≈≈≈.######..###.....#...
≈≈≈≈P♣♣♣)y†@....# #.###.....
≈≈≈≈≈≈≈≈†)#####..##........#
≈≈≈≈≈≈≈≈≈♣≈# #<.###....
≈≈≈≈≈P♣≈≈PP♣ #..# ##...
≈≈≈≈≈Z≈≈♣≈♣≈# ....# ...
≈≈≈P≈≈≈≈PP♣♣# .^.... ...
≈ZP≈≈≈♣≈≈♣≈ .[##..... ...
≈≈≈≈≈≈≈≈≈ .. # #.....# ..
≈≈P≈≈≈♣♣♣..## #.....# #


You could see a killer bee and a water moccasin skeleton.

Vanquished Creatures
  A black bear (D:3)
  A necrophage (D:2)
  A centaur (D:4)
  4 killer bees (D:5)
  3 hounds
  A centaur zombie (D:5)
  An orc priest (D:3)
  2 jellies (D:4)
  An iguana (D:5)
  A hound zombie (D:5)
  6 gnolls (D:5)
  6 adders
  An ufetubus (D:4)
  3 orcs
  10 ball pythons
  6 endoplasms
  6 giant cockroaches
  5 goblins
  10 hobgoblins
  4 jackals (D:1)
  2 kobolds
  3 quokkas
  2 bats (D:1)
  2 frilled lizards
  4 rats
86 creatures vanquished.

Vanquished Creatures (others)
  7 plants (D:5)
7 creatures vanquished.

Grand Total: 93 creatures vanquished

Notes
Turn   | Place    | Note
-------+----------+-------------------------------------------
     0 | D:1      | terff the Demonspawn Monk began the quest for the Orb.
     0 | D:1      | Reached XP level 1. HP: 18/18 MP: 1/1
   182 | D:1      | Found a faded altar of an unknown god.
   225 | D:1      | Gained mutation: You are partially covered in sharp spines.
                  | [demonic ancestry]
   225 | D:1      | Reached XP level 2. HP: 14/24 MP: 2/2
   731 | D:1      | Found Siyrimeo's Magic Scroll Boutique.
  1164 | D:2      | Reached XP level 3. HP: 20/29 MP: 3/3
  1301 | D:2      | Gained mutation: You have sharp fingernails. [demonic
                  | ancestry]
  1301 | D:2      | Reached XP level 4. HP: 29/35 MP: 4/4
  1966 | D:2      | Noticed a necrophage
  1976 | D:2      | Killed a necrophage
  1977 | D:2      | Reached XP level 5. HP: 13/42 MP: 5/5
  2697 | D:3      | Found a radiant altar of Vehumet.
  2697 | D:3      | Noticed a frost-covered statue
  2701 | D:3      | Identified the +6 quarterstaff of Green Gallantry {vorpal,
                  | Will+}
  2814 | D:3      | Reached skill level 1 in Armour
  2825 | D:3      | Found Zimuptir's Magic Scroll Shoppe.
  2837 | D:3      | Bought a scroll of identify for 28 gold pieces
  2954 | D:3      | Found an ornate altar of the Wu Jian Council.
  3284 | D:3      | Noticed a black bear
  3292 | D:3      | Killed a black bear
  3293 | D:3      | Reached XP level 6. HP: 20/48 MP: 6/6
  3774 | D:4      | Found a hide-covered altar of Uskayaw.
  3775 | D:4      | Found a shimmering altar of Xom.
  3812 | D:4      | Found an iron altar of Okawaru.
  3819 | D:4      | Became a worshipper of Warmaster Okawaru
  3819 | D:4      | Reached * piety under Okawaru
  3819 | D:4      | Reached ** piety under Okawaru
  4428 | D:4      | Reached skill level 1 in Staves
  4428 | D:4      | Reached XP level 7. HP: 41/54 MP: 7/7
  4664 | D:5      | Entered Level 5 of the Dungeon
  4991 | D:5      | Reached *** piety under Okawaru
  5000 | D:5      | HP: 2/55 [killer bee (7)]
  5002 | D:5      | Succumbed to a killer bee's poison

Illustrated notes

Levels and vault maps discovered:
D:1:      amcnicky_arrival_underground_garden, layout_rooms, serial_shops, shop,
          shapermc_ecumenical_altar_totnotflames
D:2:      layout_loops_corners
D:3:      layout_basic, vehumet_statue, nicolae_overflow_hidden_temple,
          serial_shops, shop, nicolae_concentric_dashed_squares_wild,
          chequers_serial_rivers_micro_b, nicolae_figureground_pulse
D:4:      layout_gridville, nicolae_overflow_squiral, old_standard_altar,
          serial_glass, glass_columns_a, glass_columns_a
D:5:      layout_rooms, serial_bayou, serial_bayou_lake_a,
          serial_bayou_crossing, serial_bayou_pond_c, serial_bayou_lagoon_a,
          kennysheep_generic_room_7, uniq_menkaure

Skill      XL: |  1  2  3  4  5  6  7 |
---------------+----------------------+-----
Dodging        | 3 |  3.9
Axes           | 3 4 |  4.7
Stealth        | 2 3 |  3.7
Armour         | 1 2 3 |  3.1
Fighting       | 4 |  4.5
Staves         | 1 2 |  2.1

Action                   |  1- 3 |  4- 6 |  7- 9 || total
-------------------------+-------+-------+-------++-------
Melee: Hand axe          |    58 |    54 |       ||   112
       Punch             |       |     2 |       ||     2
       Quarterstaff      |       |    36 |    29 ||    65
Invok: Heroism           |       |       |     2 ||     2
  Use: Scroll            |     2 |     9 |       ||    11
 Stab: Sleeping          |     1 |     8 |     1 ||    10
Armor: Robe              |     9 |     1 |       ||    10
       Leather armour    |       |    20 |     6 ||    26
Dodge: Dodged            |    60 |    57 |    32 ||   149
